Map: Primeval Wilds

Players

IDF

  • Race: Protoss Protoss
  • Spawn Location: 6:00

armedinfidel

  • Race: Terran Terran
  • Spawn Location: 5:00

Mouz

  • Race: Protoss Protoss
  • Spawn Location: 7:00

Lobo

  • Race: Zerg Zerg
  • Spawn Location: 6:00

Metasapien - Winner!

  • Race: Zerg Zerg
  • League: Platinum
  • Spawn Location: 12:00

Jiva - Winner!

  • Race: Terran Terran
  • Spawn Location: 9:00

starseller - Winner!

  • Race: Terran Terran
  • Spawn Location: 12:00

ThaGreem - Winner!

  • Race: Zerg Zerg
  • Spawn Location: 3:00

VOD

Have the link to the VOD?

Description

Time

  • Played on: Sept. 17, 2017, 10:43 p.m.
  • Length: 18:52
Show
View Real Time Build Order
Export as new Build Order

IDF Protoss 

Build Orders:  

Get SALT Encoding   

  12  0:05  Probe (Chrono Boost)  
  13  0:16  Probe (Chrono Boost)  
  14  0:26  Probe (Chrono Boost)  
  15  0:28  Pylon  
  15  0:46  Probe (Chrono Boost)  
  17  0:57  Probe (Chrono Boost)  
  17  1:02  Gateway  
  17  1:07  Probe (Chrono Boost), Assimilator  
  18  1:14  Assimilator  
  18  1:18  Probe (Chrono Boost)  
  19  1:28  Probe (Chrono Boost)  
  20  1:39  Probe (Chrono Boost)  
  21  1:50  Pylon  
  21  1:53  Cybernetics Core  
  21  2:05  Nexus  
  21  2:07  Probe (Chrono Boost)  
  22  2:18  Probe (Chrono Boost)  
  23  2:28  Probe (Chrono Boost)  
  24  2:33  Stargate  
  24  2:39  Probe (Chrono Boost)  
  24  2:44  Stargate  
  25  2:49  Probe (Chrono Boost)  
  26  2:54  Assimilator  
  26  2:59  Assimilator  
  26  3:00  Probe (Chrono Boost)  
  27  3:10  Probe (Chrono Boost)  
  28  3:13  Pylon  
  28  3:17  Probe (Chrono Boost)  
  29  3:21  Probe (Chrono Boost)  
  30  3:28  Probe (Chrono Boost)  
  30  3:31  Probe (Chrono Boost)  
  30  3:34  Void Ray  
  36  3:38  Probe (Chrono Boost)  
  37  3:48  Void Ray  
  37  3:49  Probe (Chrono Boost)  
  42  3:58  Probe (Chrono Boost)  
  42  3:59  Probe (Chrono Boost)  
  44  4:08  Probe (Chrono Boost)  
  45  4:10  Probe (Chrono Boost)  
  46  4:19  Void Ray, Probe (Chrono Boost)  
  46  4:20  Probe (Chrono Boost)  
  46  4:23  Stargate  
  52  4:27  Pylon  
  52  4:42  Stargate  
  52  4:45  Probe x2 (Chrono Boost)  
  54  4:53  Pylon  
  54  4:56  Probe x2 (Chrono Boost)  
  56  5:00  Forge  
  56  5:06  Probe x2 (Chrono Boost)  
  58  5:07  Void Ray  
  58  5:17  Probe x2 (Chrono Boost)  
  52  5:27  Probe (Chrono Boost)  
  53  5:30  Pylon  
  53  5:36  Photon Cannon  
  53  5:38  Photon Cannon  
  53  5:41  Void Ray x2  
  61  5:44  Photon Cannon  
  61  5:50  Void Ray  
  65  6:25  Void Ray x3  
  73  6:32  Protoss Air Weapons Level 1  
  77  6:43  Pylon  
  77  7:01  Void Ray  
  77  7:07  Pylon  
  80  7:09  Pylon  
  80  7:12  Pylon  
  80  7:20  Void Ray  
  84  7:25  Void Ray x2  
  92  7:44  Void Ray  
  52  8:44  Fleet Beacon  
  52  8:47  Protoss Air Armor Level 1  
  52  8:50  Void Ray x4  
  68  9:34  Anion Pulse-Crystals  
  68  9:37  Carrier (Chrono Boost)  
  85  10:26  Carrier (Chrono Boost)  
  85  10:27  Carrier (Chrono Boost)  
  85  10:37  Carrier (Chrono Boost)  
  91  10:52  Graviton Catapult  
  91  11:17  Protoss Air Weapons Level 2  
  91  11:25  Carrier (Chrono Boost)  
  103  12:04  Carrier (Chrono Boost)  
  103  12:07  Carrier (Chrono Boost)  
  95  12:53  Carrier (Chrono Boost)  
Show
View Real Time Build Order
Export as new Build Order

armedinfidel Terran 

Build Orders:  

Get SALT Encoding   

  12  0:02  SCV  
  13  0:15  SCV  
  14  0:27  SCV  
  15  0:44  Supply Depot  
  15  0:57  Refinery  
  15  1:06  SCV  
  16  1:14  Barracks  
  16  1:23  Refinery  
  16  1:28  SCV  
  17  1:40  SCV  
  18  1:52  SCV  
  19  2:04  SCV  
  20  2:16  SCV  
  20  2:19  Marine  
  22  2:30  Supply Depot  
  22  2:37  Marine  
  23  2:45  Orbital Command  
  23  2:54  Marine  
  24  3:03  Command Center  
  24  3:12  Marine  
  24  3:16  Supply Depot  
  25  3:35  Factory  
  25  3:39  Supply Depot  
  25  4:15  SCV  
  26  4:22  Factory Tech Lab  
  26  4:27  SCV  
  27  4:33  Factory  
  27  4:39  SCV  
  27  4:44  Refinery  
  28  4:51  SCV  
  26  5:03  SCV  
  14  5:10  Refinery  
  13  5:15  SCV  
  13  5:17  Factory  
  14  5:27  SCV  
  15  5:29  Marine  
  12  5:41  Orbital Command  
  11  5:47  Marine  
  9  6:05  Marine  
  9  6:23  Orbital Command, Marine  
  10  6:41  Marine  
  11  6:48  SCV  
  59  6:54  Orbital Command  
  12  7:00  SCV  
  13  7:12  SCV  
  14  7:24  SCV  
  15  7:31  SCV  
  15  7:37  SCV  
  17  7:39  Factory  
  17  7:43  SCV  
  18  7:56  SCV  
  19  7:58  SCV  
  20  8:08  SCV  
  20  8:11  SCV  
  22  8:20  SCV  
  22  8:23  SCV  
  24  8:32  SCV  
  25  8:35  SCV  
  25  8:36  Factory Tech Lab  
  26  8:42  Factory  
  26  8:44  SCV  
  26  8:47  SCV  
  28  8:56  SCV  
  29  9:08  Armory, SCV  
  30  9:20  Refinery, SCV  
  31  9:31  Factory Tech Lab  
  31  9:32  SCV  
  32  9:40  Factory  
  32  9:44  SCV  
  33  9:58  Thor  
  39  10:01  Thor  
  45  10:11  Terran Vehicle Weapons Level 1  
  45  10:36  Factory Tech Lab  
  45  10:41  Thor  
  51  10:44  Thor  
  57  11:22  Factory  
  57  11:28  Supply Depot  
  57  11:49  Thor x2  
  57  11:51  Supply Depot  
  69  12:05  Terran Vehicle And Ship Armor Level 1  
  69  12:12  Thor  
  69  12:13  Supply Depot  
  75  12:34  Thor  
  81  12:38  Supply Depot  
  81  12:44  Thor  
  79  12:55  Thor  
  67  13:01  Supply Depot  
  53  13:17  Thor  
  59  13:38  Thor  
  65  14:13  Thor  
  69  14:21  Thor  
  44  14:36  Thor  
Show
View Real Time Build Order
Export as new Build Order

Mouz Protoss 

Build Orders:  

Get SALT Encoding   

  12  0:03  Probe (Chrono Boost)  
  13  0:13  Probe (Chrono Boost)  
  14  0:30  Pylon  
  14  0:32  Probe (Chrono Boost)  
  15  0:42  Assimilator  
  15  0:46  Assimilator  
  15  0:49  Probe (Chrono Boost)  
  16  1:00  Gateway  
  16  1:09  Forge  
  16  1:13  Probe (Chrono Boost)  
  17  1:24  Probe (Chrono Boost)  
  18  1:35  Probe (Chrono Boost)  
  18  1:37  Pylon  
  19  1:45  Probe (Chrono Boost)  
  20  1:58  Photon Cannon  
  20  2:03  Zealot  
  20  2:08  Probe (Chrono Boost)  
  23  2:18  Probe (Chrono Boost)  
  24  2:26  Cybernetics Core  
  24  2:29  Probe (Chrono Boost)  
  25  2:48  Gateway  
  25  2:50  Gateway  
  25  2:57  Pylon  
  25  3:02  Warp Gate (Chrono Boost)  
  25  3:09  Protoss Ground Weapons Level 1  
  25  3:38  Nexus  
  25  3:45  Assimilator  
  25  3:51  Assimilator  
  25  4:05  Zealot  
  27  4:24  Pylon  
  27  4:28  Pylon  
  27  4:40  Pylon  
  27  4:53  Probe  
  27  4:54  Probe  
  29  5:03  Probe, Protoss Ground Armor Level 1  
  29  5:06  Probe  
  31  5:07  Stalker  
  33  5:14  Probe  
  33  5:18  Probe  
  35  5:25  Probe  
  35  5:26  Zealot  
  35  5:27  Zealot  
  40  5:31  Probe, Stalker  
  40  5:35  Probe  
  43  5:39  Photon Cannon  
  44  5:47  Stalker  
  44  5:49  Stalker  
  44  6:33  Photon Cannon  
  44  6:36  Photon Cannon  
  44  6:41  Photon Cannon  
  44  6:42  Stalker  
  44  6:43  Stalker  
  44  6:44  Photon Cannon  
  44  6:45  Probe  
  44  6:46  Probe  
  50  6:56  Photon Cannon  
  50  6:58  Probe  
  50  6:59  Photon Cannon  
  51  7:04  Pylon  
  51  7:05  Pylon  
  51  7:08  Gateway  
  51  7:09  Gateway  
  51  7:36  Gateway  
  51  7:37  Gateway  
  51  7:39  Gateway  
  51  7:43  Gateway  
  51  7:44  Gateway  
  51  7:49  Probe  
  52  7:59  Probe  
  53  8:10  Probe  
  54  8:20  Probe  
  54  8:22  Pylon  
  54  8:24  Pylon  
  54  8:27  Pylon  
  55  8:31  Probe  
  56  8:44  Protoss Shields Level 1 (Chrono Boost)  
  56  8:47  Twilight Council  
  56  8:51  Stalker x2  
  56  8:52  Stalker  
  62  9:14  Stalker x2  
  62  9:15  Stalker x3  
  62  9:16  Stalker  
  74  9:55  Templar Archives  
  74  9:58  Dark Shrine  
  74  10:10  Pylon  
  74  10:12  Charge (Chrono Boost)  
  74  10:17  Protoss Ground Weapons Level 2 (Chrono Boost)  
  74  10:31  Psionic Storm  
  74  10:54  Robotics Facility  
  74  10:56  Robotics Facility  
  74  10:57  Robotics Facility  
  74  11:07  Pylon  
  74  11:12  Photon Cannon  
  74  11:14  Photon Cannon  
  74  11:17  Photon Cannon  
  74  11:19  Photon Cannon, Dark Templar  
  74  11:20  Dark Templar x3  
  74  11:21  Photon Cannon  
  82  11:42  Blink (Chrono Boost), Zealot x2  
  82  11:43  Zealot x3  
  82  11:45  Zealot  
  94  11:54  Observer x3  
  97  12:15  Observer x3  
  92  12:36  Observer x2  
  81  12:37  Observer  
  79  12:58  Observer  
  37  13:21  Dark Templar x3  
  37  13:22  Dark Templar x2  
  37  13:23  Dark Templar x2  
  35  13:55  Zealot x2  
Show
View Real Time Build Order
Export as new Build Order

Lobo Zerg 

Build Orders: Hatch First, Lurkers 

Get SALT Encoding   

  12  0:18  Drone x2  
  14  0:37  Hatchery  
  14  0:41  Drone  
  14  0:48  Overlord  
  14  0:57  Extractor  
  14  1:02  Drone, Extractor  
  13  1:04  Drone  
  14  1:18  Drone x2  
  16  1:33  Drone  
  17  1:57  Drone, Spawning Pool  
  17  2:01  Drone x3  
  19  2:05  Drone  
  21  2:14  Drone  
  22  2:18  Drone  
  22  2:22  Drone  
  24  2:32  Drone  
  24  2:36  Drone  
  24  2:37  Drone  
  27  2:44  Lair  
  27  2:52  Overlord  
  27  3:04  Queen  
  27  3:05  Extractor  
  28  3:07  Extractor  
  28  3:08  Drone  
  28  3:12  Drone  
  29  3:15  Drone  
  29  3:16  Drone x2  
  32  3:38  Drone x2  
  32  3:39  Drone  
  35  3:58  Spire  
  35  4:02  Drone x2  
  36  4:09  Overseer  
  36  4:23  Overlord  
  36  4:24  Overlord x2  
  36  4:42  Overseer  
  36  5:10  Hydralisk Den  
  36  5:12  Mutalisk x7  
  36  5:13  Mutalisk  
  51  5:20  Mutalisk x3  
  57  5:30  Mutalisk  
  59  5:36  Zerg Flyer Weapons Level 1  
  59  5:49  Lurker Den  
  59  7:02  Overlord x3  
  57  7:30  Zerg Flyer Armor Level 1  
  57  7:44  Mutalisk x3  
  57  7:45  Mutalisk x6  
  57  7:50  Hydralisk x2  
  57  7:51  Hydralisk  
  79  7:55  Muscular Augments  
  81  8:36  Lurker, Hatchery  
  81  8:37  Lurker x2  
  75  9:24  Zerg Flyer Weapons Level 2  
  72  9:51  Drone  
  73  9:54  Queen  
  75  10:02  Hydralisk x2  
  79  10:11  Mutalisk  
  81  10:16  Overlord x3  
  81  10:27  Queen  
  81  10:28  Extractor  
  82  10:45  Overlord x3  
  82  10:56  Mutalisk x3  
  84  11:03  Lurker x2  
  90  11:05  Drone  
  90  11:06  Drone x2  
  93  11:15  Pneumatized Carapace  
  93  11:20  Mutalisk x4  
  101  11:39  Zerg Flyer Armor Level 2  
  101  11:53  Spine Crawler  
  100  11:57  Spine Crawler  
  100  11:58  Spine Crawler  
  78  13:43  Mutalisk x6  
  78  13:44  Mutalisk x5  
  100  13:49  Hydralisk x3  
  102  14:30  Lurker x3  
  105  15:10  Mutalisk x4  
  105  15:11  Mutalisk  
  115  15:16  Overlord x3  
  115  15:17  Overlord x2  
  87  16:04  Mutalisk x3  
  81  16:38  Infestation Pit  
  80  16:40  Spire  
  80  16:41  Lair  
  80  16:43  Drone x3  
  82  16:57  Spine Crawler  
  82  17:00  Spine Crawler  
  77  17:02  Spine Crawler  
  77  17:05  Spine Crawler  
  75  17:13  Spine Crawler  
  75  17:14  Spine Crawler  
  72  17:15  Mutalisk  
  72  17:16  Mutalisk x5  
  84  17:24  Hydralisk  
  84  17:25  Hydralisk x2  
  90  17:36  Spine Crawler  
Show
View Real Time Build Order
Export as new Build Order

Metasapien Zerg - Winner!

Build Orders: Pool First 

Get SALT Encoding   

  12  0:18  Spawning Pool  
  11  0:22  Drone  
  11  0:26  Drone  
  13  0:36  Overlord  
  13  0:40  Drone  
  14  0:44  Extractor  
  14  0:47  Drone  
  14  1:01  Drone  
  15  1:05  Drone  
  16  1:24  Hatchery  
  15  1:27  Drone  
  15  1:32  Drone  
  17  1:38  Drone  
  18  1:50  Metabolic Boost  
  18  1:51  Drone  
  19  1:59  Drone  
  20  2:20  Drone  
  21  2:35  Overlord, Queen  
  23  2:38  Hatchery  
  23  2:40  Drone  
  23  2:42  Drone  
  24  2:54  Queen  
  24  2:57  Drone  
  27  3:03  Drone  
  27  3:05  Zergling x2  
  29  3:11  Drone  
  29  3:12  Drone  
  31  3:15  Drone  
  31  3:17  Overlord  
  32  3:24  Drone  
  33  3:37  Overlord, Drone  
  34  3:50  Extractor  
  34  3:51  Drone x3  
  34  3:52  Drone  
  34  3:53  Drone x2  
  39  3:56  Drone, Queen  
  39  4:01  Drone  
  43  4:06  Drone x4  
  43  4:07  Overlord  
  47  4:12  Roach Warren  
  46  4:21  Drone  
  46  4:23  Spore Crawler, Evolution Chamber  
  45  4:27  Drone, Spore Crawler  
  45  4:29  Drone x2  
  47  4:34  Drone  
  47  4:36  Drone x2  
  47  4:37  Overlord  
  51  4:38  Drone x2  
  51  4:45  Drone  
  53  4:54  Zerg Ground Armor Level 1  
  53  4:58  Roach x2  
  53  4:59  Overlord  
  57  5:01  Roach  
  57  5:06  Zergling x4  
  61  5:08  Drone x3  
  64  5:15  Extractor  
  64  5:17  Extractor  
  64  5:20  Drone x4  
  66  5:28  Lair  
  66  5:30  Roach x2  
  66  5:31  Overlord, Roach x3  
  66  5:33  Overlord  
  76  5:53  Drone x2  
  76  5:54  Drone x2  
  75  6:06  Hatchery  
  75  6:10  Extractor x2  
  72  6:12  Hatchery  
  72  6:14  Roach x4  
  79  6:26  Drone  
  79  6:28  Evolution Chamber  
  75  6:37  Hydralisk Den  
  75  6:38  Spore Crawler  
  75  6:39  Queen x3  
  76  6:51  Drone x3  
  79  6:54  Spore Crawler  
  79  6:57  Spore Crawler  
  79  6:58  Spore Crawler  
  79  7:00  Drone x3, Spore Crawler  
  79  7:01  Drone x2  
  80  7:05  Ravager  
  80  7:06  Ravager  
  80  7:07  Ravager  
  83  7:13  Hydralisk x3  
  89  7:17  Overlord  
  89  7:18  Overlord x4  
  89  7:19  Overlord  
  89  7:32  Extractor  
  89  7:33  Drone x3, Extractor  
  90  7:53  Infestation Pit  
  89  8:02  Hydralisk x2  
  89  8:03  Hydralisk x7  
  89  8:04  Hydralisk x3  
  109  8:25  Hydralisk x3  
  109  8:26  Hydralisk x4  
  121  8:46  Muscular Augments  
  121  8:47  Hatchery  
  120  8:49  Zerg Ground Armor Level 2, Zerg Missile Weapons Level 1  
  120  8:51  Queen  
  120  8:54  Overlord x3  
  122  8:56  Overseer  
  122  8:57  Overseer  
  119  9:17  Ravager x2  
  119  9:22  Drone  
  119  9:23  Drone x4  
  126  9:30  Hive  
  126  9:37  Glial Reconstitution  
  126  9:46  Drone x3  
  129  9:58  Drone  
  129  9:59  Drone x4  
  134  10:00  Hydralisk x3, Roach x4  
  134  10:01  Roach  
  134  10:03  Overlord x5  
  134  10:04  Overlord x2  
  150  10:10  Queen  
  150  10:11  Drone  
  153  10:21  Drone  
  153  10:23  Drone x4  
  153  10:24  Drone x2  
  160  10:34  Hydralisk  
  160  10:35  Hydralisk x5  
  172  10:45  Spore Crawler  
  172  10:46  Queen, Spore Crawler  
  172  10:50  Spore Crawler  
  172  10:52  Hydralisk x3  
  172  10:53  Infestor x2  
  172  10:56  Burrow  
  181  10:59  Pneumatized Carapace  
  181  11:02  Hatchery  
  180  11:10  Drone x2, Extractor  
  181  11:12  Extractor  
  181  11:13  Spore Crawler  
  181  11:16  Spore Crawler  
  178  11:19  Drone  
  178  11:20  Drone x3  
  182  11:26  Tunneling Claws  
  182  11:27  Zerg Missile Weapons Level 2  
  182  11:29  Pathogen Glands  
  182  11:50  Nydus Network  
  181  12:04  Extractor x2  
  179  12:28  Infestor  
  174  12:30  Hydralisk x2  
  174  12:31  Roach x3, Hydralisk x4  
  174  12:32  Roach x2  
  192  12:41  Nydus Canal  
  184  12:47  Queen  
  153  13:13  Hydralisk  
  153  13:14  Roach x3, Hydralisk x4  
  153  13:15  Roach x5, Hydralisk x5  
  185  13:21  Drone  
  184  13:29  Ultralisk Cavern  
  184  13:33  Adrenal Glands  
  183  13:38  Overlord x3  
  183  13:39  Hydralisk x2  
  183  13:40  Roach, Hydralisk x2  
  183  13:41  Roach x2  
  193  14:08  Zerg Missile Weapons Level 3  
  177  14:48  Drone x2  
  177  14:52  Drone x3  
  182  14:53  Zergling x2  
  182  14:54  Zergling x24  
  182  14:55  Zergling x10, Hatchery  
  182  14:58  Ravager  
  200  15:00  Nydus Canal  
  180  15:25  Hydralisk x5  
  180  15:26  Hydralisk x6  
  180  15:27  Hydralisk x2  
  200  15:30  Spore Crawler  
  200  15:32  Zerg Ground Armor Level 3  
  199  15:35  Nydus Canal  
  194  15:54  Drone x3  
  191  15:59  Drone x16  
  188  16:37  Extractor  
  188  16:38  Ultralisk x2  
  194  17:18  Overseer x2  
  176  18:13  Nydus Canal  
  174  18:27  Nydus Canal  
  174  18:31  Extractor  
Show
View Real Time Build Order
Export as new Build Order

Jiva Terran - Winner!

Build Orders: Command Center First (CC) 

Get SALT Encoding   

  12  0:02  SCV  
  14  0:14  SCV  
  14  0:23  Supply Depot  
  14  0:26  SCV  
  15  0:33  Refinery  
  15  0:45  SCV  
  16  0:57  SCV  
  17  1:19  Command Center  
  17  1:21  SCV  
  18  1:35  Barracks  
  18  1:49  Supply Depot  
  18  2:00  SCV, Barracks  
  19  2:12  SCV  
  20  2:24  Marine  
  20  2:25  Refinery  
  21  2:35  Engineering Bay  
  22  2:37  SCV  
  22  2:42  Marine  
  23  2:55  Bunker  
  23  3:00  Marine  
  23  3:01  Barracks Reactor  
  23  3:03  SCV  
  25  3:08  SCV  
  26  3:16  Missile Turret  
  26  3:26  SCV  
  27  3:28  Missile Turret  
  27  3:39  Barracks Tech Lab  
  27  3:41  Missile Turret  
  27  3:48  Orbital Command  
  27  3:54  Marine x2  
  29  4:03  Factory  
  29  4:17  Supply Depot  
  29  4:23  Supply Depot  
  29  4:28  Supply Depot  
  29  4:47  Orbital Command  
  29  4:51  Refinery  
  29  4:55  Refinery, SCV  
  29  4:58  Missile Turret  
  30  5:00  Factory Tech Lab  
  30  5:03  Marine  
  31  5:07  Marine  
  31  5:09  Marine  
  33  5:16  Terran Infantry Weapons Level 1  
  33  5:46  Command Center  
  33  5:47  Siege Tank  
  36  5:55  SCV  
  37  6:07  SCV  
  38  6:19  SCV  
  38  6:23  Starport  
  38  6:24  Starport  
  39  6:27  Starport  
  39  6:41  Marine x3  
  42  6:48  Widow Mine  
  44  6:59  Marine x3  
  47  7:05  Missile Turret  
  42  7:16  Marine  
  42  7:17  Marine  
  36  7:58  Missile Turret  
  36  8:01  Missile Turret x2  
  36  8:04  Missile Turret  
  36  8:08  Starport Reactor x2  
  36  8:09  Starport Reactor  
  36  8:15  Armory, SCV  
  37  8:20  Marine x3  
  37  8:25  Missile Turret, SCV  
  41  8:27  SCV  
  41  8:28  Missile Turret x2  
  41  8:29  Missile Turret  
  42  8:36  Barracks  
  42  8:37  Widow Mine  
  42  8:38  Marine  
  45  8:47  SCV  
  46  8:55  SCV  
  46  8:59  SCV  
  48  9:06  Marine  
  48  9:07  Marine x2  
  51  9:11  SCV  
  52  9:23  SCV  
  53  9:24  Marine x2  
  53  9:25  Marine  
  56  9:35  SCV  
  57  9:40  Viking  
  57  9:41  Viking  
  57  9:42  Viking, Marine  
  57  9:43  Viking  
  57  9:44  Viking x2  
  70  9:47  Terran Ship Weapons Level 1  
  70  9:59  Supply Depot  
  70  10:00  Supply Depot  
  70  10:01  Supply Depot x2  
  70  10:02  Supply Depot  
  70  10:03  Supply Depot  
  70  10:06  Barracks Reactor  
  70  10:07  SCV x2  
  70  10:08  Combat Shields  
  70  10:11  Marine x3  
  75  10:28  Marine  
  75  10:29  Marine x2  
  78  10:46  Marine  
  79  10:52  Missile Turret x2  
  79  11:01  Command Center  
  79  11:02  Missile Turret  
  79  11:04  Missile Turret  
  79  11:05  Viking  
  81  11:13  Viking  
  81  11:18  Viking  
  85  11:22  Refinery  
  85  11:23  Viking  
  85  11:25  Refinery  
  87  11:29  Viking  
  89  11:36  Viking  
  83  12:25  Missile Turret  
  39  13:07  Viking x4  
  39  13:08  Viking x2  
  51  13:20  Marine  
  51  13:21  Marine x4  
  56  13:37  Viking x5  
  56  13:38  Viking, Marine x2  
  56  13:39  Marine x3  
  73  13:55  Missile Turret  
  73  13:56  Missile Turret, Marine  
  74  14:05  Missile Turret  
  74  14:07  Missile Turret, Viking x2  
  78  15:07  Command Center  
  78  15:10  Missile Turret  
  78  15:11  Missile Turret x2  
  78  15:13  Missile Turret  
  78  15:19  Viking  
  78  15:20  Viking x3  
  84  15:53  Missile Turret  
  84  15:56  Missile Turret x2  
  84  15:57  Missile Turret  
  84  16:18  Marine x5  
  89  16:36  Marine x2  
  91  16:40  Thor  
  97  17:07  Planetary Fortress  
  91  17:23  Siege Tank  
  91  17:24  Marine x4  
  91  17:25  Refinery, Marine  
Show
View Real Time Build Order
Export as new Build Order

starseller Terran - Winner!

Build Orders: Cyclone Opening 

Get SALT Encoding   

  12  0:04  SCV  
  13  0:16  SCV  
  14  0:25  Supply Depot  
  14  0:29  SCV  
  14  0:34  Refinery  
  15  0:46  SCV  
  16  0:51  Barracks  
  16  0:58  SCV  
  17  1:05  Barracks  
  17  1:11  SCV  
  18  1:18  Refinery  
  18  1:23  SCV  
  19  1:35  SCV  
  20  1:42  Supply Depot  
  20  1:47  SCV  
  20  1:53  Factory  
  21  1:59  Barracks Reactor  
  21  2:04  Orbital Command  
  21  2:11  Marine  
  22  2:23  Supply Depot  
  22  2:29  Marine  
  23  2:44  Starport  
  23  2:47  Marine  
  23  2:49  SCV  
  28  2:51  Cyclone  
  28  2:54  Marine  
  28  2:56  Marine  
  30  3:05  Marine  
  31  3:08  Supply Depot  
  31  3:23  Cyclone  
  34  3:33  Engineering Bay  
  34  3:35  Medivac  
  34  3:38  Marine  
  34  3:40  Marine  
  38  3:44  Medivac  
  40  3:58  Marine  
  41  4:07  Liberator  
  41  4:11  Missile Turret  
  41  4:12  Marine  
  45  4:28  Viking  
  47  4:46  Command Center  
  24  6:22  Medivac x2  
  24  6:25  Factory Reactor  
  28  6:32  Barracks Reactor  
  28  6:34  Starport  
  28  6:37  Missile Turret  
  28  6:38  SCV  
  29  6:40  Liberator  
  29  6:50  SCV  
  29  6:52  Missile Turret  
  29  6:53  Hi-Sec Auto Tracking  
  30  6:58  Viking  
  35  7:02  SCV, Marine  
  35  7:07  Cyclone  
  40  7:14  SCV  
  41  7:20  Marine  
  41  7:21  Missile Turret  
  42  7:26  SCV  
  42  7:28  Cyclone  
  46  7:32  Marine x2  
  48  7:38  SCV, Marine  
  50  7:49  Viking x2  
  50  7:50  SCV  
  55  7:55  Widow Mine  
  57  8:01  Marine x2  
  59  8:15  Starport Tech Lab  
  59  8:19  Marine x2  
  34  9:57  Widow Mine x2  
  38  10:02  Medivac x3  
  38  10:06  Marine x2  
  46  10:11  Terran Infantry Weapons Level 1  
  46  10:15  Liberator  
  46  10:18  Engineering Bay  
  46  10:24  Marine x2  
  46  10:25  Armory, Widow Mine  
  46  10:26  Widow Mine  
  52  10:32  Medivac  
  52  10:33  Marine  
  58  10:41  Marine  
  58  10:42  Marine  
  60  10:51  Marine  
  61  10:59  Marine  
  61  11:02  Cyclone, Marine  
  66  11:08  Marine  
  67  11:14  Widow Mine  
  67  11:17  Marine  
  70  11:18  Viking  
  70  11:20  Marine  
  73  11:26  Marine  
  73  11:27  Supply Depot  
  74  11:33  Refinery  
  74  11:35  Refinery, Marine  
  74  11:37  Marine  
  76  11:44  Marine  
  77  11:53  Viking x2, Marine  
  82  11:55  Marine  
  83  12:03  Widow Mine  
  85  12:10  Marine  
  86  12:36  Marine  
  86  12:45  Widow Mine  
  86  12:46  Widow Mine  
  59  13:13  Widow Mine  
  52  13:44  Widow Mine x2  
  56  13:49  Viking  
  56  13:54  Supply Depot  
  58  13:57  Missile Turret  
  58  14:05  Missile Turret  
  52  14:13  Widow Mine x2  
  52  14:14  Missile Turret  
  54  14:19  Viking  
  54  14:41  Widow Mine x2  
  58  14:49  Viking  
  60  15:10  Widow Mine x2  
  60  15:11  Orbital Command  
  64  15:16  Marine  
  64  15:17  Marine  
  64  15:19  Viking  
  68  15:34  Marine x2  
  70  15:49  Viking  
  72  15:52  Marine x2  
  74  16:10  Marine x2  
  76  16:19  Raven  
Show
View Real Time Build Order
Export as new Build Order

ThaGreem Zerg - Winner!

Build Orders: Pool First 

Get SALT Encoding   

  12  0:22  Spawning Pool  
  11  0:30  Overlord  
  11  0:35  Drone  
  12  0:41  Drone  
  13  0:48  Drone  
  14  0:58  Extractor  
  14  1:04  Drone x2  
  15  1:09  Extractor  
  14  1:16  Drone  
  15  1:28  Drone  
  16  1:37  Drone  
  17  1:49  Drone  
  18  2:00  Lair  
  18  2:01  Evolution Chamber  
  17  2:19  Hatchery  
  16  2:26  Drone  
  16  2:29  Drone  
  18  2:34  Drone  
  19  2:55  Roach Warren  
  19  2:57  Drone  
  19  3:12  Drone x3  
  22  3:31  Queen  
  24  3:41  Spire  
  23  3:51  Drone x3  
  26  4:20  Drone x2, Hatchery  
  27  4:30  Drone  
  28  4:36  Pneumatized Carapace  
  28  4:47  Infestation Pit  
  28  4:50  Drone  
  28  5:06  Overlord x3  
  28  5:25  Mutalisk x2  
  28  5:26  Mutalisk  
  34  5:31  Hive  
  34  5:53  Hatchery  
  34  5:54  Mutalisk  
  35  6:05  Drone x3  
  38  6:44  Overlord  
  38  6:45  Overlord x5  
  38  7:22  Hydralisk Den, Drone x3  
  40  7:23  Drone x5  
  45  7:34  Drone x3  
  48  7:39  Extractor  
  48  7:41  Extractor  
  48  7:44  Mutalisk x2  
  46  7:46  Mutalisk  
  52  7:53  Zerg Flyer Weapons Level 1  
  53  7:58  Drone x2  
  53  7:59  Drone  
  55  8:07  Drone x3  
  58  8:19  Hydralisk  
  60  8:22  Hydralisk  
  62  8:28  Hydralisk  
  64  8:34  Drone x2  
  66  8:51  Hydralisk x4  
  63  9:05  Hydralisk  
  63  9:06  Hydralisk x2  
  50  9:37  Hydralisk  
  52  9:40  Hydralisk  
  54  9:47  Zerg Flyer Armor Level 1  
  54  9:53  Drone  
  54  9:54  Drone x2  
  57  10:21  Hydralisk x4  
  65  10:33  Hydralisk  
  65  10:34  Hydralisk  
  69  10:53  Drone x3  
  72  11:07  Hydralisk  
  72  11:08  Hydralisk x3  
  80  11:12  Roach x2  
  80  11:13  Roach  
  86  11:19  Drone x2  
  88  11:30  Drone x4  
  92  11:58  Hydralisk x4  
  92  11:59  Hydralisk  
  102  12:10  Hydralisk  
  102  12:13  Roach  
  30  13:54  Hatchery  
  12  15:51  Drone x3  
  15  16:22  Hatchery  
Tags
 
Add a new tag
Caveats
  • Supply blocks, unpowered buildings, or Contaminate may cause inaccurate times.
  • Supply counts are checked every 10 seconds.